 Dungeon Crawl Stone Soup version 0.29.1-15-g9cfb28693d (webtiles) character file.

Game seed: 12713164252515256927

209 Cheops the Ruffian (level 5, -5/45 HPs)
             Began as a Ghoul Monk on Apr 28, 2023.
             Slain by Menkaure (14 damage)
             ... on level 4 of the Dungeon.
             The game lasted 00:06:54 (3627 turns).

Cheops the Ruffian (Ghoul Monk)                     Turns: 3627, Time: 00:06:55

Health: -5/45      AC:  8    Str: 15    XL:     5   Next: 87%
Magic:  4/4        EV: 12    Int:  5    God:
Gold:   228        SH:  0    Dex: 13    Spells: 4/4 levels left

rFire   . . .      SeeInvis .     - Unarmed
rCold   + . .      Faith    .   (no shield)
rNeg    + + +      Spirit   .   n - +3 ring mail of Darkness {rN+}
rPois   ∞          Reflect  .   (no helmet)
rElec   .          Harm     .   (no cloak)
rCorr   .          Rampage  .   (no gloves)
Will    .....                   (no boots)
Stlth   +.........              (no amulet)
HPRegen 0.00/turn               (no ring)
MPRegen 0.09/turn               (no ring)

@: inhibited regen
A: claws 1, cold resistance 1, negative energy resistance 3, inhibited
regeneration, torment resistance 2, devour on kill
a: no special abilities


You were on level 4 of the Dungeon.
You visited 1 branch of the dungeon, and saw 4 of its levels.

You collected 228 gold pieces.

Inventory:

Hand Weapons
 p - the +6 mace of Seurux {flame, rCorr Str+7}
   (You found it on level 3 of the Dungeon)

   It burns those it strikes, dealing additional fire damage.
   Str:       It affects your strength (+7).
   rCorr:     It protects you from acid and corrosion.
Armour
 a - a +0 robe
 n - the +3 ring mail of Darkness (worn) {rN+}
   (You found it on level 3 of the Dungeon)

   rN:        It protects you from negative energy.
 o - a +0 chain mail of fire resistance
Jewellery
 m - an amulet of the acrobat
Wands
 k - a wand of charming (8)
Scrolls
 e - a scroll of vulnerability
 g - a scroll of fear {unknown}
 j - a scroll of magic mapping {unknown}
 l - a scroll of butterflies {unknown}
Potions
 b - a potion of ambrosia
 d - a potion of haste
 f - a potion of attraction


   Skills:
 - Level 3.2 Fighting
 + Level 3.9 Dodging
 - Level 2.1 Stealth
 * Level 6.0 Unarmed Combat


You had 4 spell levels left.
You didn't know any spells.
Your spell library contained the following spells:

 Spells                   Type           Power      Damage    Failure   Level
 Magic Dart               Conj           0%         1d3       71%         1
 Slow                     Hex            0%         N/A       71%         1
 Call Imp                 Summ           0%         N/A       85%         2
 Confusing Touch          Hex            0%         N/A       97%         3
 Mephitic Cloud           Conj/Pois/Air  0%         N/A       97%         3
 Vampiric Draining        Necr           0%         2d6       97%         3


Dungeon Overview and Level Annotations

Branches:
Dungeon (4/15)
 Temple: D:4-7

Altars:

Shops:
D:2 [

Portals:
Abyss: D:4

Annotations:
D:4 Menkaure, Sigmund


Innate Abilities, Weirdness & Mutations

You are immune to poison.
You have sharp fingernails.
Your flesh is cold resistant. (rC+)
You are immune to negative energy. (rN+++)
You do not regenerate when monsters are visible.
You are immune to unholy pain and torment.
You thrive by killing the living.


Message History

No target in view!
No target in view!
No target in view!
No target in view!
No target in view!
No target in view!
No target in view!
You open the door.
There is an open door here.
Menkaure is nearby!
Menkaure is nearby!
Menkaure is nearby!
There is an open door here.
You start waiting.
Menkaure is nearby!
Menkaure sighs, "Let me perform the rites..."
There is an open door here.
You barely miss Menkaure. Menkaure hits you!
You claw Menkaure! Your claw misses Menkaure.
Menkaure is moderately damaged.
Menkaure misses you.
You scratch Menkaure but do no damage.
Menkaure is moderately damaged.
You barely miss Menkaure.
Menkaure is moderately damaged.
Menkaure barely misses you.
You barely miss Menkaure.
Menkaure is moderately damaged.
Menkaure hits you!
* * * LOW HITPOINT WARNING * * *
You scratch Menkaure.
Menkaure is moderately damaged.
You claw Menkaure!
Menkaure is severely damaged.
Menkaure hits you!
* * * LOW HITPOINT WARNING * * *
You scratch Menkaure but do no damage.
Menkaure is severely damaged.
Menkaure hits you!
You die...

#....#..§#
#....#KK§§
#....#..§#
#....##§##
#####.....####
+..######'##'##
####..##.....##..#
..##..##........M#
..##..##.....###@#
..#..>#......##.!#
..#...'.......#..##
..#...#.÷.....#...#
..##..##M....####.#
..##..##.....##..##
.............#....#
......>......#....#
###################


You could see Menkaure.

Vanquished Creatures
  2 orc priests (D:3)
  An orc wizard (D:4)
  4 adders
  3 worms
  A dart slug (D:1)
  5 orcs
  6 ball pythons
  12 endoplasms
  3 giant cockroaches
  4 goblins
  7 hobgoblins
  6 kobolds
  2 quokkas
  4 bats
  4 frilled lizards (D:1)
  6 rats
70 creatures vanquished.

Vanquished Creatures (others)
  3 plants (D:2)
3 creatures vanquished.

Grand Total: 73 creatures vanquished

Notes
Turn   | Place    | Note
-------+----------+-------------------------------------------
     0 | D:1      | Cheops the Ghoul Monk began the quest for the Orb.
     0 | D:1      | Reached XP level 1. HP: 19/19 MP: 0/0
     2 | D:1      | Noticed a palentonga
     2 | D:1      | Noticed a tengu
     4 | D:1      | Noticed a gargoyle
     6 | D:1      | Noticed a merfolk
     8 | D:1      | Noticed a minotaur
     8 | D:1      | Noticed an ogre
    10 | D:1      | Noticed a felid
    10 | D:1      | Noticed a meteoran
    12 | D:1      | Noticed a draconian
    12 | D:1      | Noticed a spriggan
    14 | D:1      | Noticed a formicid
    14 | D:1      | Noticed an elf
    16 | D:1      | Noticed a demigod
    16 | D:1      | Noticed a vine stalker
    18 | D:1      | Noticed a human
    20 | D:1      | Noticed an octopode
    20 | D:1      | Noticed a naga
    22 | D:1      | Noticed a troll
    22 | D:1      | Noticed a ghoul
    24 | D:1      | Noticed a naga
    24 | D:1      | Noticed a vampire
    26 | D:1      | Noticed a gargoyle
   130 | D:1      | Found a faded altar of an unknown god.
   338 | D:1      | Reached XP level 2. HP: 26/26 MP: 1/1
   590 | D:1      | Reached skill level 4 in Unarmed Combat
   825 | D:1      | Reached XP level 3. HP: 30/31 MP: 2/2
  1282 | D:2      | Found Dydaz's Armour Shop.
  1642 | D:2      | Reached XP level 4. HP: 38/38 MP: 3/3
  2137 | D:3      | Identified the +6 mace of Seurux {flame, rCorr Str+7}
  2208 | D:3      | Reached skill level 5 in Unarmed Combat
  2418 | D:3      | Reached XP level 5. HP: 33/45 MP: 4/4
  2658 | D:3      | Identified the +3 ring mail of Darkness {rN+}
  3165 | D:4      | Reached skill level 6 in Unarmed Combat
  3318 | D:4      | Found a one-way gate to the infinite horrors of the Abyss.
  3324 | D:4      | Noticed Sigmund
  3326 | D:4      | Noticed Menkaure
  3627 | D:4      | Slain by Menkaure

Illustrated notes

Levels and vault maps discovered:
D:1:      kb_arrival_jail, layout_loops_corners,
          hellmonk_ecumenical_altar_leap_of_faith,
          corexii_item_surrounded_by_moat
D:2:      layout_loops_ring, serial_shops, nicolae_shop_stone,
          serial_bayou_ford_a, minmay_misc_feat_cross, nicolae_titane
D:3:      layout_rooms, elyvilon_altar_1
D:4:      due_chaos_kobolds, layout_gridville, minmay_temple_entry_antechambers,
          uniq_ijyb, uniq_menkaure, uniq_sigmund

Skill      XL: |  1  2  3  4  5 |
---------------+----------------+-----
Dodging        | 3 |  3.9
Unarmed Combat | 4 5 6 |  6.0
Fighting       | |  3.2
Stealth        | |  2.1

Action                   |  1- 3 |  4- 6 || total
-------------------------+-------+-------++-------
Melee: Unarmed           |   110 |   119 ||   229
       Punch             |     2 |     5 ||     7
  Use: Scroll            |       |     5 ||     5
 Stab: Sleeping          |     6 |     4 ||    10
Armor: Robe              |     8 |     3 ||    11
       Ring mail         |       |    16 ||    16
Dodge: Dodged            |    55 |    94 ||   149
